 Dungeon Crawl Stone Soup version 0.29.0-13-gc9e81de378 (webtiles) character file.

Game seed: 15673112412227182985

27 Ge0ff the Shooter (level 3, -9/28 HPs)
             Began as a Djinni Hunter on Sept 10, 2022.
             Mangled by a polar bear (27 damage)
             ... created by the rage of Trog
             ... on level 1 of the Dungeon.
             The game lasted 00:01:25 (705 turns).

Ge0ff the Shooter (Djinni Hunter)                    Turns: 705, Time: 00:01:26

Health: -9/28      AC:  3    Str: 10    XL:     3   Next: 25%
Gold:   32         EV: 12    Int: 10    God:
                   SH:  0    Dex: 18

rFire   + + .      SeeInvis .   a - +0 shortbow
rCold   x . .      Faith    .   (shield currently unavailable)
rNeg    . . .      Spirit   .   c - +0 leather armour
rPois   ∞          Reflect  .   (no helmet)
rElec   .          Harm     .   (no cloak)
rCorr   .          Rampage  .   (no gloves)
Will    .....                   (boots unavailable)
Stlth   ++........              (no amulet)
HPRegen 0.09/turn               (no ring)
MPRegen 0.00/turn               (no ring)

@: flying
A: sickness immunity, fire resistance 2, cold vulnerability 1, float, innate
caster, HP casting, extra vitality 1
a: no special abilities


You were on level 1 of the Dungeon.
You visited 1 branch of the dungeon, and saw 1 of its levels.

You collected 32 gold pieces.

Inventory:

Hand Weapons
 a - a +0 shortbow (weapon)
Armour
 c - a +0 leather armour (worn)
Scrolls
 y - a scroll of immolation
 z - a scroll of enchant weapon {unknown}
 A - a scroll of poison {unknown}
 D - a scroll of amnesia {unknown}
Potions
 B - a potion of flight {unknown}
 C - a potion of resistance {unknown}


   Skills:
 - Level 2.0 Fighting
 + Level 4.1 Ranged Weapons
 - Level 2.1 Dodging
 - Level 0.7 Stealth


You had one spell level left.
You knew the following spells:

 Your Spells              Type           Power      Damage    Failure   Level
s - Foxfire               Conj/Fire      0%         2x1d4     45%         1
Your spell library was empty.

Dungeon Overview and Level Annotations

Branches:
Dungeon (1/15) Zot: 5273

Altars:
Trog


Innate Abilities, Weirdness & Mutations

You are immune to sickness and miasma.
You are immune to poison.
Your flesh is very heat resistant. (rF++)
You are vulnerable to cold. (rC-)
You float through the air rather than walking.
You learn spells naturally, not from books.
Your magical power is your life essence.
You have superior vitality. (+4 MHP)


Message History

The endoplasm is almost dead.
The endoplasm freezes you.
You are frozen.
You feel a terrible chill!
You shoot an arrow. The arrow barely misses the endoplasm.
The arrow closely misses the kobold.
The endoplasm misses you.
You shoot an arrow. The arrow hits the endoplasm!
You kill the endoplasm!
The kobold hits you with a +0 whip.
Your Ranged Weapons skill increases to level 4!
You shoot an arrow. The arrow hits the kobold!
You kill the kobold!
There is an open door, spattered with blood here.
Things that are here:
a +0 whip; 4 stones; a kobold corpse A bat comes into view.
You shoot an arrow. The arrow hits the bat.
You kill the bat!
A hobgoblin comes into view.
You shoot an arrow. The arrow hits the hobgoblin.
You kill the hobgoblin!
A bat comes into view.
You shoot an arrow. The arrow hits the bat.
The bat is severely wounded.
You hear a shout!
A goblin comes into view. It is wielding a +0 dagger.
You shoot an arrow. The arrow barely misses the bat.
The arrow hits the goblin.
The goblin is moderately wounded.
The bat hits you but does no damage.
You shoot an arrow. The arrow hits the bat.
You kill the bat!
Trog sends monsters to punish you. 2 polar bears and a black bear come into view.
You shoot an arrow. The arrow hits the polar bear.
The polar bear is lightly wounded.
You shoot an arrow.
The arrow hits the polar bear but does no damage.
The polar bear is lightly wounded.
The polar bear rages.
The black bear rages.
The polar bear bites you. The polar bear barely misses you.
The polar bear misses you.
The polar bear attacks as you move away!
The polar bear barely misses you. The polar bear claws you.
The polar bear barely misses you.
The black bear attacks as you move away!
The black bear bites you. The black bear closely misses you.
The black bear claws you. The goblin attacks as you move away!
The goblin hits you but does no damage. The polar bear bites you!!
Ouch! That really hurt!
You die...

..........................
.............###.#......##
.........#######.#.#..#.#
...............#.#.#..# ##
..........####.#.#....# ..
...............#.#....# ##
..........######.#.##.#
.......hh.............#
........h@...........#####
.......g.##..........)....
.........##..........#####
###########..........#
#..........# #..........#
#..........#
######..........###
#..................


You could see 2 polar bears, a black bear (berserk) and a goblin.

Vanquished Creatures
  A dart slug (D:1)
  3 bats (D:1)
  2 endoplasms (D:1)
  5 hobgoblins (D:1)
  3 kobolds (D:1)
  A quokka (D:1)
  2 ball pythons (D:1)
  3 frilled lizards (D:1)
  2 rats (D:1)
22 creatures vanquished.

Notes
Turn   | Place    | Note
-------+----------+-------------------------------------------
     0 | D:1      | Ge0ff the Djinni Hunter began the quest for the Orb.
     0 | D:1      | Reached XP level 1. HP: 18/18 MP: 0/0
   126 | D:1      | Reached XP level 2. HP: 19/23 MP: 0/0
   280 | D:1      | Found a faded altar of an unknown god.
   289 | D:1      | Prayed at the altar of an unknown god.
   289 | D:1      | Became a worshipper of Trog the Wrathful
   289 | D:1      | Reached * piety under Trog
   290 | D:1      | Fell from the grace of Trog
   469 | D:1      | Reached XP level 3. HP: 20/28 MP: 0/0
   469 | D:1      | Learned a level 1 spell: Foxfire
   620 | D:1      | Reached skill level 4 in Ranged Weapons
   702 | D:1      | Noticed a polar bear
   702 | D:1      | Noticed a polar bear
   702 | D:1      | Noticed a black bear
   705 | D:1      | Mangled by a polar bear

Illustrated notes

Levels and vault maps discovered:
D:1:      psy_arrival_terrarium, layout_basic,
          chequers_ecumenical_altar_simple_redux

Skill      XL: |  1  2  3 |
---------------+----------+-----
Ranged Weapons | 4 |  4.1
Fighting       | |  2.0
Dodging        | |  2.1
Stealth        | |  0.7

Action                   || total
-------------------------++-------
 Fire: Shortbow          ||    54
Invok: Renounce Religion ||     1
Armor: Leather armour    ||     6
Dodge: Dodged            ||    16
